 Dungeon Crawl Stone Soup version 0.20.0-10-g0535bb4 (webtiles) character file.

11977 Inarius the Destroyer (level 11, -3/81 HPs)
             Began as a Green Draconian Air Elementalist on June 3, 2017.
             Was an Elder of Vehumet.
             Slain by Snorg (10 damage)
             ... on level 9 of the Dungeon.
             The game lasted 01:09:27 (18580 turns).

Inarius the Destroyer (DrAE)                       Turns: 18580, Time: 01:09:28

Health: -3/81      AC: 14    Str: 11    XL:     11   Next: 56%
Magic:  4/23       EV: 15    Int: 24    God:    Vehumet [****..]
Gold:   583        SH:  0    Dex: 11    Spells: 12/27 levels left

rFire    + + .     SeeInvis .   y - +2 flail (protect)
rCold    . . .     Gourm    .   (no shield)
rNeg     . . .     Faith    .   (armour unavailable)
rPois    +         Spirit   .   (helmet restricted)
rElec    .         Reflect  .   q - +0 cloak
rCorr    .         Harm     .   (no gloves)
MR       +....                  (no boots)
Stlth    ++........             p - amulet of rage
Regen    0.3/turn               e - ring of protection from magic
MPRegen  0.2/turn               g - +6 ring of protection

@: brilliant
A: breathe noxious fumes, unfitting armour, fire resistance 2, poison
resistance, cold-blooded, AC +7
a: Breathe Noxious Fumes, Renounce Religion, Evoke Berserk Rage


You were on level 9 of the Dungeon.
You worshipped Vehumet.
Vehumet was greatly pleased with you.
You were not hungry.

You visited 1 branch of the dungeon, and saw 10 of its levels.

You collected 583 gold pieces.

Inventory:

Hand Weapons
 j - a +0 rapier
 y - a +2 flail of protection (weapon)
Armour
 q - a +0 cloak (worn)
Jewellery
 e - a ring of protection from magic (left hand)
 g - a +6 ring of protection (right hand)
 m - an uncursed ring of protection from fire
 p - an amulet of rage (around neck)
Wands
 a - a wand of acid (3/15)
 x - a wand of paralysis (18/24)
 A - a wand of flame (29/48)
Scrolls
 c - 2 scrolls of teleportation
 f - a scroll of recharging
 i - 4 scrolls of remove curse
 l - a scroll of silence
 o - 3 scrolls of immolation
 r - 2 scrolls of identify
 s - a scroll of enchant weapon
 z - 3 scrolls of fog
 C - a scroll of holy word {unknown}
 E - a scroll of magic mapping {unknown}
 F - a scroll of random uselessness {unknown}
Potions
 d - a potion of lignification
 k - a potion of might
 n - 3 potions of curing
 u - a potion of heal wounds
 w - a potion of invisibility
Miscellaneous
 G - a lamp of fire (inert)
Comestibles
 b - 9 bread rations
 h - 3 meat rations
 t - 3 royal jellies
 B - 9 fruits
 D - 6 chunks of flesh


   Skills:
 + Level 2.8 Fighting
 * Level 6.8 Dodging
 - Level 1.8 Stealth
 - Level 0.2 Unarmed Combat
 + Level 8.9 Spellcasting
 * Level 9.4 Conjurations
 + Level 0.1 Charms
 + Level 9.0 Air Magic
 * Level 6.1 Evocations


You had 12 spell levels left.
You knew the following spells:

 Your Spells              Type           Power        Failure   Level  Hunger
a - Shock                 Conj/Air       ####         1%          1    None
b - Swiftness             Chrm/Air       #####...     1%          2    None
c - Static Discharge      Conj/Air       ######..     1%          3    None
d - Airstrike             Air            ######....   1%          4    ##.....
e - Lightning Bolt        Conj/Air       ######....   1%          5    ####...


Dungeon Overview and Level Annotations

Branches:
Dungeon (10/15)            Temple (0/1) D:6             Orc (0/2) D:9
   Lair: D:8-11

Altars:
Gozag
Qazlal
Sif Muna
Vehumet
Xom
Zin
The Shining One

Shops:
D:5 (   D:6 [   D:9 (

Annotations:
D:9 Snorg


Innate Abilities, Weirdness & Mutations

You can breathe blasts of noxious fumes.
Your lurid green scales are hard. (AC +7)
You cannot fit into any form of body armour.
Your system is resistant to poisons. (rPois)
You are cold-blooded and may be slowed by cold attacks.
Your flesh is very heat resistant. (rF++)


Message History

You fail to use your ability.
Snorg looks more energetic.
A two-headed ogre comes into view.
It is wielding a giant club and a giant spiked club.
The two-headed ogre shouts in stereo!
There is a stone staircase leading up here.
Snorg misses you. Snorg claws you but does no damage. Snorg closely misses you.
You climb upwards.
There is a stone staircase leading down here.
You see here a short sword.
Snorg misses you. Snorg closely misses you. Snorg barely misses you.
Snorg goes berserk!
Eat one of 7 chunks of flesh? (ye/n/q)
You eat one of the 7 chunks of flesh.
This raw flesh tastes terrible.
Snorg bites you! Snorg claws you! Snorg claws you.
* * * LOW HITPOINT WARNING * * *
Snorg misses you. Snorg claws you but does no damage. Snorg closely misses you.
Snorg rages.
Snorg bites you!
* * * LOW HITPOINT WARNING * * *
Snorg claws you!
You die...

### #######.## ######
#........#################.....
#.###......................###.
#.# ##...#########.#.####### #.
#.# ##.......@T........# ##.
#.# #..####........##.# ##..
###.#####..#########.#.##.#
#... ....#...........#
#.#.##.####...
####.#.##..####.#
#.#........... #.###....# #.#
#.#.######.#.. ##.#.###.#
#.####.#.# #.#.[
##.####.####....>)..######.#..
#............#####.(.((((([..


You could see Snorg (berserk).

Vanquished Creatures
  Harold (D:10)
  Erica (D:8)
  2 two-headed ogres
  Maurice (D:8)
  The ghost of Yermak the Cleaver, a novice MiGl (D:8)
  A hornet (D:7)
  4 hippogriffs
  Grinder (D:3)
  Sigmund (D:6)
  2 wyverns (D:9)
  5 yaks
  A steam dragon (D:10)
  A hungry ghost (D:7)
  A water moccasin (D:9)
  An ice beast (D:5)
  2 orc warriors (D:9)
  4 phantoms
  3 sky beasts
  A black bear (D:7)
  A hornet zombie (D:10)
  7 ogres
  2 necrophages
  6 centaurs
  3 big kobolds
  5 bullfrogs
  A wyvern zombie (D:8)
  A gnoll sergeant (D:10)
  6 scorpions
  13 killer bees
  3 electric eels (D:6)
  A howler monkey (D:6)
  9 crimson imps
  A bullfrog zombie (D:3)
  A quasit (D:9)
  A centaur zombie (D:8)
  3 jellies
  5 hounds
  6 orc priests
  4 bullfrog skeletons
  8 orc wizards
  Jessica (D:3)
  2 iguanas
  Natasha (thrice) (D:3 D:2)
  14 worker ants
  2 killer bee zombies
  2 hound skeletons
  A howler monkey zombie (D:5)
  6 gnolls
  A howler monkey skeleton (D:6)
  16 adders
  6 shadow imps
  An ooze (D:4)
  2 adder skeletons
  3 worms
  3 dart slugs
  4 leopard geckos
  58 orcs
  3 ball pythons
  6 bats
  5 giant cockroaches
  4 goblins
  9 hobgoblins
  9 jackals
  8 quokkas
  7 frilled lizards
  14 kobolds
  10 rats
321 creatures vanquished.

Notes
Turn   | Place    | Note
-------+----------+-------------------------------------------
     0 | D:1      | Inarius the Draconian Air Elementalist began the quest for the Orb.
     0 | D:1      | Reached XP level 1. HP: 14/14 MP: 3/3
   418 | D:1      | Reached XP level 2. HP: 13/20 MP: 0/5
   720 | D:1      | Learned a level 2 spell: Swiftness
  1072 | D:1      | Reached XP level 3. HP: 26/26 MP: 1/6
  1140 | D:1      | Learned a level 3 spell: Static Discharge
  2991 | D:3      | Reached XP level 4. HP: 15/34 MP: 3/8
  3287 | D:3      | Noticed Grinder
  3322 | D:3      | Noticed Sigmund
  3472 | D:3      | Reached skill level 1 in Evocations
  3478 | D:3      | Reached XP level 5. HP: 20/39 MP: 1/9
  3627 | D:2      | Learned a level 4 spell: Airstrike
  3799 | D:3      | Found a deep blue altar of Sif Muna.
  3799 | D:3      | Found a shimmering altar of Xom.
  3825 | D:3      | Noticed Natasha
  3840 | D:3      | Killed Natasha
  3909 | D:3      | Noticed Natasha
  3921 | D:3      | Killed Natasha
  3926 | D:3      | Noticed Natasha
  3964 | D:2      | Killed Natasha
  4118 | D:3      | Found a faded altar of an unknown god.
  4184 | D:3      | Noticed Jessica
  4189 | D:3      | Killed Jessica
  4636 | D:3      | Killed Grinder
  4636 | D:3      | Reached skill level 1 in Fighting
  4636 | D:3      | Reached XP level 6. HP: 23/47 MP: 0/11
  5477 | D:3      | Your scales start taking on a lurid green colour.
  5477 | D:3      | Reached XP level 7. HP: 52/52 MP: 10/12
  5477 | D:3      | Gained mutation: Your system is resistant to poisons. (rPois) [Green Draconian growth]
  5958 | D:4      | Found a glowing silver altar of Zin.
  5962 | D:4      | Found a stormy altar of Qazlal.
  6202 | D:5      | Entered Level 5 of the Dungeon
  6389 | D:4      | Found a glowing golden altar of the Shining One.
  6391 | D:4      | Found a radiant altar of Vehumet.
  6661 | D:5      | You fall through a shaft for 3 floors!
  6667 | D:8      | Reached skill level 5 in Air Magic
  6667 | D:8      | Reached XP level 8. HP: 52/61 MP: 4/14
  6667 | D:8      | Reached skill level 5 in Conjurations
  6672 | D:8      | Noticed Yermak's ghost (novice MiGl)
  6787 | D:8      | Noticed Maurice
  7175 | D:4      | Became a worshipper of Vehumet
  7188 | D:5      | Found Adeff's Weapon Shoppe.
  7217 | D:5      | Learned a level 5 spell: Lightning Bolt
  7384 | D:5      | Found an opulent altar of Gozag.
  8049 | D:6      | Reached * piety under Vehumet
  8049 | D:6      | Offered knowledge of Magic Dart by Vehumet.
  8049 | D:6      | Reached skill level 5 in Spellcasting
  8278 | D:6      | Reached XP level 9. HP: 61/67 MP: 4/16
  8629 | D:6      | Killed Sigmund
  9009 | D:6      | Found a staircase to the Ecumenical Temple.
  9316 | D:6      | Found Uricuvab's Antique Armour Emporium.
  9969 | D:7      | Offered knowledge of Searing Ray by Vehumet.
 10028 | D:7      | Reached ** piety under Vehumet
 10028 | D:7      | Reached skill level 5 in Dodging
 10164 | D:7      | Reached skill level 5 in Evocations
 10262 | D:7      | Noticed a two-headed ogre
 10296 | D:7      | Killed a two-headed ogre
 10296 | D:7      | Reached XP level 10. HP: 6/74 MP: 15/19
 11651 | D:8      | Killed Yermak's ghost
 12467 | D:8      | Noticed Erica
 12480 | D:8      | Noticed a two-headed ogre
 12488 | D:8      | Killed Erica
 12556 | D:8      | HP: 3/74 [acid (14)]
 13120 | D:8      | Killed Maurice
 13840 | D:8      | Gained mutation: Your magical capacity is low. (-10% MP) [mutagenic meat]
 13841 | D:8      | Lost mutation: Your magical capacity is low. (-10% MP) [potion of mutation]
 13841 | D:8      | Gained mutation: Your flesh is heat resistant. (rF+) [potion of mutation]
 13841 | D:8      | Gained mutation: Your flesh is very heat resistant. (rF++) [potion of mutation]
 14492 | D:9      | Offered knowledge of Mephitic Cloud by Vehumet.
 14852 | D:8      | Killed a two-headed ogre
 14852 | D:8      | Reached XP level 11. HP: 81/81 MP: 4/22
 15150 | D:9      | Reached *** piety under Vehumet
 15378 | D:9      | Offered knowledge of Olgreb's Toxic Radiance by Vehumet.
 15547 | D:9      | Found a staircase to the Orcish Mines.
 16418 | D:9      | Found Owownirap's Antique Weapon Shop.
 16632 | D:9      | Found a deep blue altar of Sif Muna.
 16743 | D:10     | Entered Level 10 of the Dungeon
 16743 | D:10     | Noticed Snorg
 16876 | D:9      | Reached **** piety under Vehumet
 16958 | D:9      | Offered knowledge of Fireball by Vehumet.
 18040 | D:10     | Noticed Harold
 18083 | D:10     | Killed Harold
 18566 | D:10     | Noticed a two-headed ogre
 18580 | D:9      | Slain by Snorg

Skill      XL: |  1  2  3  4  5  6  7  8  9 10 11 |
---------------+----------------------------------+-----
Dodging        | 2 3 4 5 6 |  6.8
Conjurations   | 2 3 4 6 7 8 9 |  9.4
Spellcasting   | 3 4 5 6 7 8 |  8.9
Evocations     | 1 2 3 4 5 6 |  6.1
Air Magic      | 4 5 6 8 9 |  9.0
Fighting       | 1 2 |  2.8
Stealth        | |  1.8
Unarmed Combat | |  0.2
Charms         | |  0.1

Action                   |  1- 3 |  4- 6 |  7- 9 | 10-12 || total
-------------------------+-------+-------+-------+-------++-------
Melee: Unarmed           |    38 |       |       |       ||    38
       Tailslap          |    15 |     2 |     8 |     7 ||    32
       Short sword       |    59 |    10 |       |       ||    69
       Rapier            |       |    49 |    36 |       ||    85
       Flail             |       |       |    33 |    62 ||    95
 Cast: Shock             |    86 |    90 |   230 |   258 ||   664
       Static Discharge  |     3 |     3 |    14 |    26 ||    46
       Swiftness         |       |     2 |     2 |     4 ||     8
       Airstrike         |       |       |    23 |   107 ||   130
       Lightning Bolt    |       |       |       |    21 ||    21
 Abil: Breathe Noxious F |       |       |     5 |     8 ||    13
Evoke: Lamp of fire      |       |       |       |     1 ||     1
  Use: Scroll            |       |     6 |     8 |     6 ||    20
       Potion            |       |     2 |     1 |     3 ||     6
 Stab: Sleeping          |     1 |     1 |       |       ||     2
       Confused          |       |       |     2 |       ||     2
  Eat: Chunk             |     7 |     7 |    16 |    19 ||    49
       Royal jelly       |       |     1 |       |     1 ||     2
       Meat ration       |       |       |     1 |     2 ||     3
       Bread ration      |       |       |       |     3 ||     3
Armor: Skin              |    30 |    26 |    54 |    89 ||   199
Dodge: Dodged            |    63 |    65 |   103 |   165 ||   396
